 Dungeon Crawl Stone Soup version 0.19.1-1-g22dce08 (webtiles) character file.

75763 Kwzr the Thaumaturge (level 15, -49/90 HPs)
             Began as a Demonspawn Summoner on Dec 31, 2016.
             Was a High Priest of Sif Muna.
             Annihilated by an Ice Fiend (50 damage)
             ... summoned by the player character
             ... on level 2 of the Swamp on Jan 1, 2017.
             The game lasted 08:08:28 (32268 turns).

Kwzr the Thaumaturge (Demonspawn Summoner)         Turns: 32268, Time: 08:08:28

Health: -49/90     AC: 17    Str: 18    XL:     15   Next: 10%
Magic:  0/47       EV: 14    Int: 32    God:    Sif Muna [*****.]
Gold:   2223       SH:  7    Dex:  9    Spells: 9 memorised, 1 level left

rFire  + . .     SeeInvis .     a - staff of power
rCold  . . .     Gourm    .     e - +0 mottled dragon scales
rNeg   . . .     Faith    .     P - +3 warlock's mirror {reflect}
rPois  .         Spirit   +     X - +2 hat {Int+3}
rElec  +         Reflect  +     g - +1 cloak {+Inv}
rCorr  .         Harm     .     i - +0 pair of gloves
MR     +....     Clarity  +     (boots unavailable)
Stlth  +.........               y - amulet "Lokau" {Spirit rElec Str+5 Int+2 Dex-4}
                                S - +4 ring of strength
                                K - +4 ring of intelligence

@: sanguine armour, very slightly contaminated, regenerating
A: hooves 3, clarity, deformed body, demonic guardian 1, fire resistance 1, wild
magic 1, magic shield, magic regeneration, magic link, sanguine armour 2
a: Divine Energy, Channel Magic, Forget Spell, Renounce Religion, Evoke
Invisibility


You were on level 2 of the Swamp.
You worshipped Sif Muna.
Sif Muna was extremely pleased with you.
You were not hungry.

You visited 7 branches of the dungeon, and saw 29 of its levels.
You visited the Abyss 1 time.

You collected 2451 gold pieces.
You spent 228 gold pieces at shops.

Inventory:

Hand Weapons
 b - a +4 shortbow of velocity
 C - the +10 mace "Utzecow" {speed, Str+3}
   (You found it on level 2 of the Swamp)

   Attacks with this weapon are significantly faster.
   It affects your strength (+3).
 M - the +6 spear "Haodeto" {flame, rPois MR+}
   (You bought it in a shop on level 2 of the Orcish Mines)

   It has been specially enchanted to burn those struck by it, causing extra
   injury to most foes and up to half again as much damage against particularly
   susceptible opponents.
   It protects you from poison.
   It affects your resistance to hostile enchantments.
Missiles
 s - 58 tomahawks
 F - 332 arrows
 R - 3 silver javelins
 Y - 4 tomahawks of returning (quivered)
Armour
 e - +0 mottled dragon scales (worn)
 g - a +1 cloak of invisibility (worn)
 i - a +0 pair of gloves (worn)
 P - the +3 warlock's mirror (worn) {reflect}
   (You found it on level 6 of the Lair of Beasts)
 X - a +2 hat of intelligence (worn)
Magical Staves
 a - an uncursed staff of power (weapon)
Jewellery
 p - an uncursed ring of see invisible
 y - the amulet "Lokau" (around neck) {Spirit rElec Str+5 Int+2 Dex-4}
   (You found it on level 11 of the Dungeon)

   [amulet of guardian spirit]

   It causes incoming damage to be split between your health and magic.
   It affects your strength (+5).
   It affects your intelligence (+2).
   It affects your dexterity (-4).
   It insulates you from electricity.
 K - a +4 ring of intelligence (left hand)
 S - a +4 ring of strength (right hand)
Wands
 t - a wand of digging (1/24)
 E - a wand of flame (5/48)
 H - a wand of iceblast (4/15)
 I - a wand of teleportation (1/9)
Scrolls
 d - 2 scrolls of amnesia
 h - 3 scrolls of remove curse
 l - a scroll of enchant armour
 q - 3 scrolls of teleportation
 w - 3 scrolls of fear
 x - 2 scrolls of magic mapping
 D - a scroll of summoning
 W - a scroll of fog
 Z - 9 scrolls of identify
Potions
 n - a potion of curing
 r - a potion of brilliance
 Q - 5 potions of agility
 T - 2 potions of might
Books
 j - a book of Beasts

   Spells                             Type                      Level
   a - Summon Butterflies             Summoning                    1
   b - Call Canine Familiar           Summoning                    3
   c - Summon Ice Beast               Ice/Summoning                4
   d - Summon Mana Viper              Hexes/Summoning              5
   e - Summon Hydra                   Summoning                    7
 v - Sif Muna's Incunabulum of Creative Displacement
   (Sif Muna gifted it to you on level 2 of the Swamp)

   Spells                             Type                      Level
   a - Call Canine Familiar           Summoning                    3
   b - Summon Demon                   Summoning                    5
   c - Summon Forest                  Summoning/Translocation      5
   d - Aura of Abjuration             Summoning                    5
   e - Haunt                          Necromancy/Summoning         7
   f - Disjunction                    Translocation                8
   g - Dragon's Call                  Summoning                    9
 A - Hyuza's Guide on Summoning and Orientation
   (Sif Muna gifted it to you on level 14 of the Dungeon)

   Spells                             Type                      Level
   a - Recall                         Summoning/Translocation      3
   b - Teleport Other                 Translocation                3
   c - Shadow Creatures               Summoning                    6
   d - Spellforged Servitor           Conjuration/Summoning        7
   e - Summon Greater Demon           Summoning                    7
   f - Summon Hydra                   Summoning                    7
 V - Sif Muna's Incunabulum of Arcane Weapons and Dislocation
   (Sif Muna gifted it to you on level 10 of the Dungeon)

   Spells                             Type                      Level
   a - Searing Ray                    Conjuration                  2
   b - Gell's Gravitas                Hexes/Translocation          3
   c - Irradiate                      Conjuration/Transmutation    5
   d - Fireball                       Conjuration/Fire             5
   e - Summon Forest                  Summoning/Translocation      5
   f - Poison Arrow                   Conjuration/Poison           6
   g - Fire Storm                     Conjuration/Fire             9
Miscellaneous
 k - a phial of floods
 o - a phial of floods
 u - a fan of gales
 J - a phantom mirror
Comestibles
 c - 18 bread rations
 f - a fruit
 m - 5 meat rations
 B - 3 chunks of flesh


   Skills:
 - Level 7.4 Dodging
 - Level 1.7 Stealth
 - Level 3.1 Shields
 * Level 13.8 Spellcasting
 - Level 11.1 Conjurations
 + Level 0.8 Charms
 * Level 13.5 Summonings
 - Level 1.2 Necromancy
 - Level 1.0 Translocations
 - Level 10.7 Air Magic
 - Level 2.0 Invocations


You had one spell level left.
You knew the following spells:

 Your Spells              Type           Power        Failure   Level  Hunger
a - Summon Greater Demon  Summ           #######...   17%         7    #####..
b - Lightning Bolt        Conj/Air       #######...   2%          5    None
c - Conjure Ball Lightni  Conj/Air       #######...   12%         6    ###....
d - Summon Ice Beast      Ice/Summ       ######..     3%          4    None
f - Airstrike             Air            #######...   1%          4    None
g - Summon Forest         Summ/Tloc      ######....   10%         5    None
s - Regeneration          Chrm/Necr      #####.....   14%         3    None
x - Summon Lightning Spi  Summ/Air       #######.     1%          4    None
z - Call Imp              Summ           #######.     1%          2    None


Dungeon Overview and Level Annotations

Branches:
Dungeon (15/15)            Temple (1/1) D:7            Lair (6/6) D:8
  Swamp (3/4) Lair:2       Spider (1/4) Lair:2        Slime (0/5) Lair:6
    Orc (2/2) D:12            Elf (0/3) Orc:2        Vaults (0/5) D:13
 Depths (1/5) D:15

Altars:
Ashenzari
Cheibriados
Dithmenos
Elyvilon
Fedhas
Gozag
Hepliaklqana
Kikubaaqudgha
Makhleb
Nemelex Xobeh
Okawaru
Qazlal
Ru
Sif Muna
Trog
Uskayaw
Vehumet
Xom
Yredelemnul
Zin
The Shining One
Jiyva

Shops:
D:6 %   Orc:2 *[=(

Portals:
Trove: D:15 (show abyssal rune of Zot)

Annotations:
Lair:1 exclusion: oklob plant
Lair:6 1 runed door, exclusion: door


Innate Abilities, Weirdness & Mutations

You have hooves in place of feet.
A weak demonic guardian rushes to your aid.
When hurt, damage is shared between your health and your magic reserves.
You regenerate magic rapidly.
When low on magic, you restore magic in place of health.
When seriously injured, your bleeding wounds create thick armour. (AC +9)
You possess an exceptional clarity of mind.
Armour fits poorly on your strangely shaped body.
Your flesh is heat resistant. (rF+)
Your spells are a little harder to cast, but a little more powerful.


Message History

Unknown command.
Casting: Summon Greater Demon
Confirm with . or Enter, or press ? or * to list all spells.
Your skin crawls.
The Ice Fiend gestures at you. The bolt of cold hits you!
* * * LOW HITPOINT WARNING * * *
You feel much better. You block the Ice Fiend's attack.
The Ice Fiend claws you but does no damage.
The Ice Fiend gestures at you. The bolt of cold hits you!
* * * LOW HITPOINT WARNING * * *
Your white imp hits the Ice Fiend.
Your white imp freezes the Ice Fiend.
The Ice Fiend completely resists.
There is a stone staircase leading up here.
The Ice Fiend claws you!
* * * LOW HITPOINT WARNING * * *
The Ice Fiend freezes you!!!
Ouch! That really hurt!
You die...

♣♣♣♣♣.≈..♣.≈≈.♣♣♣♣♣
♣♣..♣♣..≈.§w.>♣♣ ♣≈.
♣...≈≈....♣♣♣♣♣ ♣§≈
♣.≈♣....♣♣♣ ♣.≈
♣..≈♣.≈.≈≈♣♣ ♣.≈
♣♣..♣≈≈≈♣..♣ ♣♣≈.
♣♣♣♣≈≈≈♣♣♣♣ ♣...
♣.15.≈.≈♣♣ ♣♣♣♣.≈≈
♣@.≈....≈♣♣♣≈≈≈≈≈≈
♣♣♣♣♣§...≈≈.♣♣♣≈.≈≈≈≈≈
♣≈..≈...≈≈≈≈.≈≈≈≈.≈≈≈≈
♣♣≈≈....≈≈≈..≈≈≈...≈≈≈
♣....§.≈≈≈≈....≈♣♣..≈
♣♣♣.≈...≈≈≈.≈♣♣♣♣♣♣≈.
♣..≈≈......♣♣ ♣♣♣
♣♣.≈≈≈≈)≈.≈♣♣♣♣♣♣♣♣
♣..≈≈≈≈≈♣♣♣♣.≈...≈♣♣


You could see an Ice Fiend and a friendly white imp.

Vanquished Creatures
  A thorn hunter (Swamp:1)
  An orc warlord (Orc:2)
  Aizul (Swamp:1)
  A vault guard (D:13)
  2 ogre magi
  2 hydras
  A centaur warrior (D:14)
  4 orc high priests (Orc:2)
  2 unseen horrors
  2 starcursed masses (Abyss:3)
  2 hill giants
  2 wizards (D:15)
  2 orc knights (Orc:2)
  A deep elf mage (D:14)
  8 orc sorcerers
  A wolf spider (Spider:1)
  3 ugly things
  A cyclops (D:13)
  A manticore (D:15)
  A black mamba (Lair:6)
  A gargoyle (D:13)
  A spiny frog (Swamp:2)
  A centaur skeleton (D:13)
  3 kobold demonologists
  2 jumping spiders (Spider:1)
  3 hornets
  2 meliai (D:13)
  2 dream sheep (Lair:6)
  A blink frog (Lair:4)
  A hippogriff (D:12)
  4 redbacks
  2 spriggans
  2 tarantellas (Spider:1)
  2 vampires
  3 basilisks
  2 wraiths
  A water elemental (D:12)
  2 wyverns (Lair:6)
  A human (D:13)
  10 yaks
  A hog (D:11)
  A steam dragon (Lair:6)
  7 vampire mosquitoes (Swamp:2)
  2 wargs
  4 swamp worms
  4 insubstantial wisps (Swamp:2)
  7 water moccasins
  13 orc warriors
  A sky beast (D:13)
  2 swamp drakes
  A phantom (D:14)
  11 ogres
  3 centaurs
  5 crocodiles
  A big kobold (D:14)
  2 bullfrogs
  An electric eel (D:10)
  4 crimson imps
  14 orc priests
  A hound (D:10)
  19 orc wizards
  3 worker ants
  A small abomination (Abyss:3)
  A hound zombie (D:7)
  A worker ant zombie (D:6)
  4 adders
  A river rat (D:8)
  A shadow imp (D:7)
  A dart slug (D:4)
  2 leopard geckos
  28 orcs
  3 bats (D:8)
  A giant cockroach (D:4)
  A hobgoblin (D:2)
  4 jackals
  14 kobolds
  4 quokkas
  A frilled lizard (D:1)
  A quokka skeleton (D:8)
  6 rats
  2 plants
269 creatures vanquished.

Vanquished Creatures (collateral kills)
  Gastronok (Lair:1)
  Agnes (D:13)
  Kirke (D:11)
  Louise (D:14)
  A fire dragon (Lair:6)
  Josephine (Orc:1)
  2 vault guards (D:13)
  The ghost of Flaco the Nimble, a journeyman FeTm of Makhleb (D:14)
  3 hydras
  A catoblepas (Lair:3)
  4 centaur warriors
  An orc high priest (Orc:2)
  A deep elf knight (D:13)
  A skeletal warrior (D:10)
  2 hill giants
  2 swamp dragons (Swamp:2)
  A wolf spider zombie (D:14)
  4 orc knights
  A faun (shapeshifter) (D:14)
  An orc sorcerer (Orc:1)
  A manticore (D:14)
  A wolf spider (Lair:6)
  An oklob plant (Lair:3)
  11 ugly things
  2 deep elf magi (D:15)
  4 cyclopes
  4 elephants (Lair:3)
  A guardian serpent (Lair:6)
  11 black mambas
  2 gargoyles
  17 spiny frogs
  A rime drake (Lair:6)
  A guardian mummy (D:15)
  A tengu conjurer (D:13)
  3 komodo dragons
  3 tyrant leeches (Swamp:2)
  7 trolls
  A meliai (D:13)
  4 two-headed ogres
  2 polar bears
  4 hornets
  3 bog bodies (Swamp:1)
  6 hippogriffs
  4 slime creatures (D:15)
  6 blink frogs
  5 dream sheep (Lair:6)
  3 redbacks (Lair:6)
  A shadow (D:14)
  A spriggan (D:7)
  8 wyverns
  51 yaks
  3 fire bats (Lair:4)
  6 wraiths
  2 basilisks (Lair:6)
  2 steam dragons
  16 vampire mosquitoes
  A hungry ghost (D:11)
  Edmund (D:4)
  5 swamp worms
  Menkaure (D:6)
  4 mottled dragons
  3 soldier ants
  17 water moccasins
  5 porcupines
  Duvessa (D:5)
  33 orc warriors
  3 swamp drakes (Lair:6)
  4 ice beasts
  A phantom (D:8)
  2 sky beasts (D:10)
  17 ogres
  A necrophage (D:14)
  4 centaurs
  8 crocodiles
  6 big kobolds
  8 bullfrogs
  A gnoll sergeant (D:8)
  A wyvern skeleton (D:8)
  Dowan (D:5)
  A scorpion (D:5)
  8 wights
  9 electric eels
  5 howler monkeys
  3 crimson imps
  A lava snake (Lair:4)
  A quasit (D:13)
  A bullfrog zombie (D:10)
  4 centaur zombies
  5 hounds
  2 jellies
  A bullfrog skeleton (D:12)
  13 orc priests
  Crazy Yiuf (D:6)
  3 centaur skeletons
  3 iguanas
  30 orc wizards
  10 worker ants
  Robin (D:2)
  6 gnolls
  15 adders
  2 river rats (D:8)
  4 shadow imps
  An ooze (D:7)
  An adder zombie (D:5)
  3 adder skeletons
  2 worms (D:2)
  A dart slug (D:1)
  2 leopard geckos
  77 orcs
  2 ball pythons
  3 giant cockroaches
  13 goblins
  6 hobgoblins
  7 jackals
  17 kobolds
  A quokka (D:4)
  7 bats
  A jackal zombie (D:9)
  A leopard gecko zombie (D:7)
  9 rats
  3 fungi
  3 plants (Lair:6)
647 creatures vanquished.

Vanquished Creatures (others)
  A vault guard (D:13)
  23 ball lightnings
  A yak (D:11)
  2 humans (D:12)
  An orc priest (D:10)
  24 fungi
  33 plants
  4 tentacles (Abyss:3)
89 creatures vanquished.

Grand Total: 1005 creatures vanquished

Notes
Turn   | Place    | Note
-------+----------+-------------------------------------------
     0 | D:1      | Kwzr the Demonspawn Summoner began the quest for the Orb.
     0 | D:1      | Reached XP level 1. HP: 13/13 MP: 3/3
   710 | D:1      | Gained mutation: You have large cloven feet. [potion of mutation]
   710 | D:1      | Gained mutation: Armour fits poorly on your strangely shaped body. [potion of mutation]
   710 | D:1      | Gained mutation: Your flesh is heat resistant. (rF+) [potion of mutation]
   768 | D:1      | Gained mutation: When hurt, damage is shared between your health and your magic reserves. [demonic ancestry]
   768 | D:1      | Reached XP level 2. HP: 19/19 MP: 5/5
  1241 | D:2      | Learned a level 2 spell: Call Imp
  1275 | D:2      | Noticed Robin
  1299 | D:2      | Killed Robin
  1300 | D:2      | Reached XP level 3. HP: 22/24 MP: 0/6
  1307 | D:2      | Gained mutation: Your spells are a little harder to cast, but a little more powerful. [potion of mutation]
  1307 | D:2      | Gained mutation: You possess an exceptional clarity of mind. [potion of mutation]
  1394 | D:2      | Found a faded altar of an unknown god.
  2434 | D:3      | Learned a level 3 spell: Call Canine Familiar
  2787 | D:3      | Gained mutation: When seriously injured, your bleeding wounds create armour. (AC +9) [demonic ancestry]
  2787 | D:3      | Reached XP level 4. HP: 30/30 MP: 4/8
  2936 | D:4      | Noticed Edmund
  3581 | D:3      | Noticed a hippogriff
  3602 | D:3      | Killed a hippogriff
  3602 | D:3      | Reached skill level 5 in Summonings
  3602 | D:3      | Gained mutation: A weak demonic guardian rushes to your aid. [demonic ancestry]
  3602 | D:3      | Reached XP level 5. HP: 13/35 MP: 2/10
  3728 | D:4      | Killed Edmund
  3743 | D:5      | Entered Level 5 of the Dungeon
  3825 | D:4      | Reached XP level 6. HP: 34/41 MP: 7/12
  4543 | D:5      | Noticed Duvessa
  4544 | D:5      | Noticed Dowan
  5072 | D:5      | Killed Duvessa
  5370 | D:5      | Killed Dowan
  5370 | D:5      | Gained mutation: You have hoof-like feet. [demonic ancestry]
  5370 | D:5      | Reached XP level 7. HP: 46/46 MP: 5/14
  5451 | D:5      | Learned a level 4 spell: Summon Lightning Spire
  5542 | D:6      | Found a runed door.
  5635 | D:6      | Reached skill level 1 in Air Magic
  5775 | D:6      | Noticed Menkaure
  5780 | D:6      | Killed Menkaure
  6146 | D:6      | Found Rutom's Food Shop.
  6151 | D:6      | Bought a royal jelly for 28 gold pieces
  6343 | D:6      | Noticed Crazy Yiuf
  6360 | D:6      | Killed Crazy Yiuf
  6437 | D:7      | Found a staircase to the Ecumenical Temple.
  6445 | D:7      | Gained mutation: When seriously injured, your bleeding wounds create thick armour. (AC +9) [demonic ancestry]
  6445 | D:7      | Reached XP level 8. HP: 52/52 MP: 11/15
  6454 | Temple   | Entered the Ecumenical Temple
  6567 | Temple   | Became a worshipper of Sif Muna the Loreminder
  6748 | D:7      | Reached skill level 1 in Invocations
  6894 | D:7      | Reached skill level 5 in Spellcasting
  7211 | D:7      | Found a shadowy altar of Dithmenos.
  7824 | D:8      | Reached * piety under Sif Muna
  7910 | D:8      | Reached skill level 5 in Air Magic
  8040 | D:8      | Found a staircase to the Lair.
  8620 | D:8      | Gained mutation: You regenerate magic rapidly. [demonic ancestry]
  8620 | D:8      | Reached XP level 9. HP: 55/57 MP: 15/18
  8852 | Lair:1   | Entered Level 1 of the Lair of Beasts
  8903 | Lair:1   | Got a scintillating sapphire amulet
  8904 | Lair:1   | Identified the amulet of Huis {+Rage rC+ rN+ MR+} (You found it on level 1 of the Lair of Beasts)
  8940 | Lair:1   | Reached ** piety under Sif Muna
  9183 | Lair:1   | Noticed an oklob plant
  9485 | Lair:2   | Found a staircase to the Swamp.
  9560 | Lair:2   | Noticed a spiny frog
  9573 | Lair:2   | Killed a spiny frog
  9580 | Lair:2   | Found a hole to the Spider Nest.
  9639 | Lair:2   | Noticed a polar bear
  9654 | Lair:2   | Killed a polar bear
  9696 | Lair:2   | Noticed a black mamba
  9708 | Lair:2   | Killed a black mamba
 10136 | Lair:2   | Reached *** piety under Sif Muna
 10581 | Lair:1   | Reached XP level 10. HP: 63/63 MP: 21/21
 10592 | Lair:1   | Noticed Gastronok
 10623 | Lair:1   | Killed Gastronok
 10623 | Lair:1   | Reached skill level 10 in Summonings
 10652 | Lair:1   | Noticed a spiny frog
 10659 | Lair:1   | Killed a spiny frog
 10971 | Lair:3   | Noticed a black mamba
 11209 | Lair:3   | Noticed an elephant
 11209 | Lair:3   | Noticed an elephant
 11210 | Lair:3   | Noticed an elephant
 11218 | Lair:3   | Noticed an elephant
 11221 | Lair:3   | Noticed a spiny frog
 11230 | Lair:3   | Killed an elephant
 11244 | Lair:3   | Killed a spiny frog
 11250 | Lair:3   | Killed an elephant
 11258 | Lair:3   | Killed an elephant
 11341 | Lair:3   | Noticed an oklob plant
 11367 | Lair:3   | Killed an oklob plant
 11393 | Lair:3   | Noticed a black mamba
 11397 | Lair:3   | Reached skill level 5 in Dodging
 11397 | Lair:3   | Reached **** piety under Sif Muna
 11404 | Lair:3   | Killed a black mamba
 11451 | Lair:3   | Killed a black mamba
 11546 | Lair:3   | Killed an elephant
 11657 | Lair:3   | Noticed a catoblepas
 11679 | Lair:3   | Killed a catoblepas
 11714 | Lair:3   | Noticed a spiny frog
 11721 | Lair:3   | Killed a spiny frog
 12013 | Lair:3   | Noticed a black mamba
 12018 | Lair:3   | Killed a black mamba
 12018 | Lair:3   | Reached XP level 11. HP: 59/68 MP: 24/24
 12857 | D:9      | Reached ***** piety under Sif Muna
 12985 | D:10     | Entered Level 10 of the Dungeon
 12999 | D:10     | Found an opulent altar of Gozag.
 13078 | D:10     | Identified Sif Muna's Compendium of the Lethal Birds (Sif Muna gifted it to you on level 10 of the Dungeon)
 13078 | D:10     | Received a gift from Sif Muna
 13676 | D:11     | Noticed a centaur warrior
 13676 | D:11     | Noticed a seven-headed hydra
 13676 | D:11     | Noticed a skeletal warrior
 13687 | D:11     | Killed a centaur warrior
 13726 | D:10     | Noticed an unseen horror
 13750 | D:10     | Killed an unseen horror
 13750 | D:10     | Reached skill level 10 in Spellcasting
 13929 | D:10     | Killed a seven-headed hydra
 14208 | D:10     | Killed a skeletal warrior
 14413 | D:10     | Learned a level 5 spell: Lightning Bolt
 14503 | D:11     | Reached skill level 1 in Conjurations
 14541 | D:11     | Got a sparkling jade amulet
 14543 | D:11     | Identified the amulet "Yffon" {Harm *Drain rF+++ rC+ Str+3 SInv} (You found it on level 11 of the Dungeon)
 14555 | D:11     | Got a shimmering iron amulet
 14559 | D:11     | Identified the amulet "Lokau" {Spirit rElec Str+5 Int+2 Dex-4} (You found it on level 11 of the Dungeon)
 14598 | D:11     | Noticed a brown ugly thing
 14633 | D:11     | Killed a brown ugly thing
 14645 | D:11     | Found a white marble altar of Elyvilon.
 14951 | D:11     | Learned a level 3 spell: Summon Guardian Golem
 14956 | D:11     | Learned a level 4 spell: Summon Ice Beast
 14960 | D:11     | Learned a level 3 spell: Static Discharge
 15348 | D:12     | Noticed Kirke
 15381 | D:11     | Killed Kirke
 15381 | D:11     | Reached skill level 5 in Conjurations
 15928 | D:12     | Found a staircase to the Orcish Mines.
 15939 | Orc:1    | Entered Level 1 of the Orcish Mines
 15946 | Orc:1    | Noticed an orc sorcerer
 15960 | Orc:1    | Killed an orc sorcerer
 16161 | Orc:1    | Noticed Josephine
 16164 | Orc:1    | Killed Josephine
 16164 | Orc:1    | Identified Sif Muna's Volume of Weightlessness (Sif Muna gifted it to you on level 1 of the Orcish Mines)
 16164 | Orc:1    | Received a gift from Sif Muna
 16184 | Orc:1    | Learned a level 4 spell: Airstrike
 16252 | Orc:1    | Reached XP level 12. HP: 74/74 MP: 26/26
 16578 | Orc:2    | Entered Level 2 of the Orcish Mines
 16841 | Orc:2    | Found a staircase to the Elven Halls.
 16947 | Orc:1    | Noticed an ogre mage
 17620 | Orc:2    | Identified Faitepp's Reference Book on Attacks (Sif Muna gifted it to you on level 2 of the Orcish Mines)
 17620 | Orc:2    | Received a gift from Sif Muna
 17621 | Orc:2    | Noticed an orc high priest
 17623 | Orc:2    | Killed an orc high priest
 17678 | Orc:2    | Noticed an orc high priest
 17684 | Orc:2    | Killed an orc high priest
 17844 | Orc:2    | Noticed an orc warlord
 17845 | Orc:2    | Noticed an orc high priest
 17852 | Orc:2    | Killed an orc high priest
 17871 | Orc:2    | Killed an orc warlord
 17926 | Orc:2    | Noticed an orc high priest
 17929 | Orc:2    | Killed an orc high priest
 17932 | Orc:2    | Noticed an orc high priest
 17946 | Orc:2    | Killed an orc high priest
 18153 | Orc:2    | Found Zahattir's Antique Armour Shop.
 18154 | Orc:2    | Found Buymanwu's Antique Weapon Boutique.
 18157 | Orc:2    | Found Dipuoh's General Store.
 18157 | Orc:2    | Found Wiutehae's Jewellery Shop.
 18175 | Orc:2    | Bought a crystal spear for 200 gold pieces
 18184 | Orc:2    | Identified the +6 spear "Haodeto" {flame, rPois MR+} (You bought it in a shop on level 2 of the Orcish Mines)
 18483 | Orc:1    | Killed an ogre mage
 18491 | Orc:1    | Gained mutation: You have hooves in place of feet. [demonic ancestry]
 18491 | Orc:1    | Reached XP level 13. HP: 79/79 MP: 27/27
 18612 | D:12     | Learned a level 6 spell: Conjure Ball Lightning
 19403 | Lair:4   | Reached skill level 10 in Conjurations
 20464 | Lair:5   | Received a gift from Sif Muna
 21110 | Lair:6   | Entered Level 6 of the Lair of Beasts
 21214 | Lair:6   | Reached skill level 10 in Air Magic
 22962 | Lair:6   | Reached skill level 1 in Shields
 22974 | Lair:6   | Noticed a fire dragon
 22987 | Lair:6   | Killed a fire dragon
 23229 | Lair:6   | Found a runed door.
 23229 | Lair:6   | Found a viscous altar of Jiyva.
 23229 | Lair:6   | Found a staircase to the Slime Pits.
 23229 | Lair:6   | Noticed an azure jelly
 23229 | Lair:6   | Noticed an azure jelly
 23473 | Spider:1 | Entered Level 1 of the Spider Nest
 23686 | Swamp:1  | Entered Level 1 of the Swamp
 23720 | Swamp:1  | Noticed Aizul
 23742 | Swamp:1  | Killed Aizul
 24337 | D:10     | Identified Sif Muna's Incunabulum of Arcane Weapons and Dislocation (Sif Muna gifted it to you on level 10 of the Dungeon)
 24337 | D:10     | Received a gift from Sif Muna
 24353 | D:10     | Learned a level 5 spell: Summon Forest
 24749 | D:10     | Reached XP level 14. HP: 74/85 MP: 22/30
 24861 | D:13     | Reached skill level 1 in Translocations
 26003 | D:13     | Found a gate to the Vaults.
 26320 | D:14     | Noticed Agnes
 26728 | D:14     | Noticed Louise
 26738 | D:14     | Cast into level 3 of the Abyss (Louise)
 26738 | Abyss:3  | Found a corrupted altar of Lugonu.
 26745 | Abyss:3  | Noticed a starcursed mass
 26759 | Abyss:3  | Noticed a reaper
 26767 | Abyss:3  | Noticed a brown very ugly thing
 26777 | Abyss:3  | Found a corrupted altar of Lugonu.
 26868 | Abyss:3  | Noticed a revenant
 26925 | Abyss:3  | Found a corrupted altar of Lugonu.
 26934 | Abyss:3  | HP: 4/85 [spatial maelstrom (1)]
 26939 | Abyss:3  | Noticed a kraken
 26943 | Abyss:3  | HP: 4/85 [tentacle[a kraken] (1)]
 26948 | Abyss:3  | HP: 1/85 [thrashing horror (2)]
 26964 | Abyss:3  | Noticed a starcursed mass
 27051 | Abyss:3  | Noticed a starcursed mass
 27055 | D:14     | Escaped the Abyss
 27080 | D:14     | Killed Louise
 27314 | D:13     | Killed Agnes
 27906 | D:14     | Noticed Flaco's ghost (journeyman FeTm)
 27906 | D:14     | Identified Hyuza's Guide on Summoning and Orientation (Sif Muna gifted it to you on level 14 of the Dungeon)
 27906 | D:14     | Received a gift from Sif Muna
 27915 | D:14     | Killed Flaco's ghost
 28229 | D:15     | Entered Level 15 of the Dungeon
 28646 | D:15     | Found an iron altar of Okawaru.
 29391 | D:15     | Learned a level 7 spell: Summon Greater Demon
 29533 | D:15     | Found a staircase to the Depths.
 29548 | Depths:1 | Entered Level 1 of the Depths
 29548 | Depths:1 | Noticed a stone giant
 29734 | D:15     | Found a portal to a secret trove of treasure.
 30155 | Temple   | Learned a level 3 spell: Regeneration
 30556 | Swamp:1  | Noticed a thorn hunter
 30572 | Swamp:1  | Killed a thorn hunter
 31204 | Swamp:2  | Gained mutation: When low on magic, you restore magic in place of health. [demonic ancestry]
 31204 | Swamp:2  | Reached XP level 15. HP: 76/90 MP: 7/32
 31312 | Swamp:2  | Reached skill level 1 in Necromancy
 31331 | Swamp:2  | Identified Sif Muna's Incunabulum of Creative Displacement (Sif Muna gifted it to you on level 2 of the Swamp)
 31331 | Swamp:2  | Received a gift from Sif Muna
 32136 | Swamp:2  | Got a smoking mace
 32141 | Swamp:2  | Identified the +10 mace "Utzecow" {speed, Str+3} (You found it on level 2 of the Swamp)
 32264 | Swamp:2  | HP: 4/90 [Ice Fiend/bolt of cold[the player character] (24)]
 32268 | Swamp:2  | HP: 1/90 [Ice Fiend[the player character] (8)]
 32268 | Swamp:2  | Annihilated by an Ice Fiend

Skill      XL: |  1  2  3  4  5  6  7  8  9 10 11 12 13 14 15 |
---------------+----------------------------------------------+-----
Dodging        | 2 3 4 5 6 7 |  7.4
Spellcasting   | 3 4 6 7 9 10 12 13 | 13.8
Summonings     | 5 6 7 8 9 11 12 13 | 13.5
Air Magic      | 3 5 6 9 10 | 10.7
Invocations    | 2 |  2.0
Conjurations   | 6 9 10 11 | 11.1
Shields        | 3 |  3.1
Translocations | 1 |  1.0
Necromancy     | 1 |  1.2
Stealth        | |  1.7
Charms         | |  0.8

Action                   |  1- 3 |  4- 6 |  7- 9 | 10-12 | 13-15 || total
-------------------------+-------+-------+-------+-------+-------++-------
Melee: Short sword       |    66 |    80 |       |       |       ||   146
       Kick              |    11 |    23 |    23 |    22 |    12 ||    91
       Whip              |       |     6 |     6 |       |       ||    12
       Flail             |       |       |   124 |    16 |       ||   140
       Staff             |       |       |     8 |    82 |    55 ||   145
 Fire: Shortbow          |       |       |       |    16 |    10 ||    26
Throw: Tomahawk          |     5 |    25 |    53 |    56 |    36 ||   175
       Stone             |     2 |       |       |     1 |       ||     3
 Cast: Summon Small Mamm |    22 |       |       |       |       ||    22
       Call Imp          |    22 |    33 |    77 |   140 |   111 ||   383
       Call Canine Famil |     3 |    15 |    45 |    70 |    41 ||   174
       Summon Lightning  |       |       |    10 |    65 |    68 ||   143
       Static Discharge  |       |       |       |     9 |     5 ||    14
       Lightning Bolt    |       |       |       |    34 |    73 ||   107
       Airstrike         |       |       |       |    84 |   170 ||   254
       Summon Guardian G |       |       |       |     2 |       ||     2
       Summon Ice Beast  |       |       |       |     9 |   255 ||   264
       Conjure Ball Ligh |       |       |       |       |    12 ||    12
       Summon Forest     |       |       |       |       |     3 ||     3
       Summon Greater De |       |       |       |       |     2 ||     2
       Regeneration      |       |       |       |       |     3 ||     3
Invok: Divine Energy     |       |       |     1 |       |     1 ||     2
       Stop Divine Energ |       |       |     1 |       |     1 ||     2
       Channel Magic     |       |       |       |     1 |     2 ||     3
       Forget Spell      |       |       |       |       |     3 ||     3
Evoke: Wand              |       |       |     2 |     5 |     6 ||    13
  Use: Scroll            |     7 |     4 |     2 |    16 |    12 ||    41
       Potion            |     3 |       |     1 |       |    10 ||    14
 Stab: Sleeping          |     3 |       |     1 |     1 |       ||     5
       Distracted        |       |       |     1 |       |     1 ||     2
  Eat: Chunk             |     8 |     4 |    14 |    21 |    27 ||    74
       Bread ration      |       |     1 |       |       |       ||     1
       Fruit             |       |     2 |       |     1 |     6 ||     9
       Meat ration       |       |       |     1 |     1 |     2 ||     4
       Beef jerky        |       |       |       |     1 |     2 ||     3
       Pizza             |       |       |       |     1 |     2 ||     3
       Royal jelly       |       |       |       |       |     3 ||     3
Armor: Robe              |     5 |    37 |       |       |       ||    42
       Leather armour    |       |       |    55 |    52 |       ||   107
       Mottled dragon sc |       |       |       |    25 |    93 ||   118
Dodge: Dodged            |    52 |    89 |   107 |   169 |   237 ||   654
Block: Buckler           |       |       |       |       |   121 ||   121
       Reflection        |       |       |       |       |    12 ||    12
